 Dungeon Crawl Stone Soup version 0.26-a0-854-gdc81c2f471 (webtiles) character file.

Game seed: 9346388870090239056

39 LabCoat the Skirmisher (level 3, -4/33 HPs)
             Began as a Hill Orc Fighter on Nov 24, 2020.
             Slain by a goblin
             ... wielding a +0 dagger of electrocution
              (13 damage)
             ... on level 2 of the Dungeon.
             The game lasted 00:04:20 (1672 turns).

LabCoat the Skirmisher (Hill Orc Fighter)           Turns: 1672, Time: 00:04:21

Health: -4/33      AC:  8    Str: 19    XL:     3   Next: 47%
Magic:  3/3        EV:  7    Int:  8    God:
Gold:   112        SH:  9    Dex: 10    Spells: 2/2 levels left

rFire    + . .     SeeInvis .   a - +0 war axe
rCold    . . .     Faith    .   c - +0 kite shield
rNeg     . . .     Spirit   .   b - +0 scale mail
rPois    .         Reflect  .   (no helmet)
rElec    .         Harm     .   f - scarf {repulsion}
rCorr    .         Rampage  .   (no gloves)
MR       .....                  k - +0 pair of boots
Stlth    ..........             e - amulet of inaccuracy (curse)
HPRegen  0.11/turn              j - ring of protection from fire
MPRegen  0.08/turn              (no ring)

@: repel missiles
A: no striking features
a: no special abilities


You were on level 2 of the Dungeon.
You visited 1 branch of the dungeon, and saw 2 of its levels.

You collected 112 gold pieces.

Inventory:

Hand Weapons
 a - a +0 war axe (weapon)
 l - a +0 mace
Armour
 b - a +0 scale mail (worn)
 c - a +0 kite shield (worn)
 f - a scarf of repulsion (worn)
 k - a +0 pair of boots (worn)
Jewellery
 e - a cursed amulet of inaccuracy (around neck)
 h - a +4 ring of slaying {unknown}
 i - an uncursed ring of magical power
 j - a ring of protection from fire (left hand)
Scrolls
 m - 2 scrolls of magic mapping
Potions
 d - a potion of might
 g - a potion of heal wounds {unknown}


   Skills:
 + Level 3.9 Fighting
 * Level 3.8 Axes
 + Level 3.7 Armour
 + Level 3.6 Shields


You had 2 spell levels left.
You didn't know any spells.
Your spell library was empty.

Dungeon Overview and Level Annotations

Branches:
Dungeon (2/15)

Altars:


Message History

You miss the goblin.
The goblin is moderately wounded.
The goblin hits you but does no damage.
You are electrocuted!
You miss the goblin.
The goblin is moderately wounded.
The goblin hits you but does no damage.
You are electrocuted!
* * * LOW HITPOINT WARNING * * *
You block the goblin's attack.
You are too injured to fight recklessly!
You are too injured to fight recklessly!
You are too injured to fight recklessly!
You are too injured to fight recklessly!
Your shield and scale mail prevent you from hitting the goblin.
The goblin is moderately wounded.
You block the goblin's attack.
You miss the goblin.
The goblin is moderately wounded.
You block the goblin's attack. The goblin hits you but does no damage.
You are electrocuted!
You die...

#.. #.# #+# #.#
#.# #.# #.# #.#
##.## #b# ##...##
#g# ##.....# #@#
#.......
#(#########.##.###
#...........##[#
##############.#
#.# #.# #.# #.#
#.#


You could see a goblin and a bat.

Vanquished Creatures
  2 worms (D:2)
  2 dart slugs (D:1)
  2 leopard geckos (D:1)
  9 bats
  A giant cockroach (D:1)
  2 goblins (D:1)
  3 hobgoblins (D:1)
  4 frilled lizards
  2 kobolds (D:1)
  A rat (D:1)
28 creatures vanquished.

Notes
Turn   | Place    | Note
-------+----------+-------------------------------------------
     0 | D:1      | LabCoat the Hill Orc Fighter began the quest for the Orb.
     0 | D:1      | Reached XP level 1. HP: 19/19 MP: 1/1
   152 | D:1      | Reached XP level 2. HP: 27/27 MP: 2/2
   734 | D:1      | Reached XP level 3. HP: 24/33 MP: 3/3
  1672 | D:2      | Slain by a goblin

Illustrated notes

Levels and vault maps discovered:
D:1:      eino_arrival_cavern_b, layout_basic
D:2:      layout_loops_corners, grunt_ministairs_11

Skill      XL: |  1  2 |
---------------+-------+-----
Axes           | 3 |  3.8
Fighting       | |  3.9
Armour         | |  3.7
Shields        | |  3.6

Action                   || total
-------------------------++-------
Melee: War axe           ||   197
  Use: Scroll            ||     5
Armor: Scale mail        ||    99
Dodge: Dodged            ||    69
Block: Kite shield       ||   114

Table legend: (Time is in decaauts)
 A = Elapsed time spent in this place.
 B = Non-inter-level travel time spent in this place.
 C = Inter-level travel time spent in this place.
 D = Time resting spent in this place.
 E = Time spent auto-exploring this place.
 F = Levels seen in this place.
 G = Mean time per level.
                   A        B        C        D        E       F      G
               +--------+--------+--------+--------+--------+-----+--------+
         Total |   1753 |   1742 |     11 |    450 |    875 |   2 |  876.5 |
       Dungeon |   1753 |   1742 |     11 |    450 |    875 |   2 |  876.5 |
               +--------+--------+--------+--------+--------+-----+--------+

Top non-repeatable levels by time:
     D:1: 1233 daAuts
     D:2: 519 daAuts
